[ AOE2 MATCH · #463578914 ]
Team RMAztecs vs Gurjaras
[ REPLAY ANALYSIS · EXTRACTED FROM THE RECORDED GAME ]
Feudal
15:45
Castle
26:54
Imperial
40:00
| APM avg | 22.4 |
| APM peak | 128 |
| eAPM avg | 11.6 |
| Villagers / military | 106 / 121 |
Focus
⚔️ 29.7% · 🌾 70.3%
Eagle Scout ×87 · Spearman ×27 · Skirmisher ×5 · Trebuchet (Packed) ×2
Feudal
16:27
Castle
19:58
Imperial
40:17
| APM avg | 18.2 |
| APM peak | 46 |
| eAPM avg | 9.4 |
| Villagers / military | 81 / 47 |
Focus
⚔️ 23.9% · 🌾 76.1%
Scorpion ×30 · Knight ×11 · Fishing Ship ×8 · Battering Ram ×2 · Scout Cavalry ×2 · Monk ×1
Feudal
—
Castle
—
Imperial
—
| APM avg | 21.6 |
| APM peak | 39 |
| eAPM avg | 13.0 |
| Villagers / military | 112 / 66 |
Focus
⚔️ 24.4% · 🌾 75.6%
Conquistador ×31 · Fishing Ship ×16 · Fire Galley ×13 · Demolition Raft ×10 · Spearman ×9 · Trebuchet (Packed) ×3
Feudal
14:17
Castle
21:01
Imperial
40:40
| APM avg | 20.7 |
| APM peak | 45 |
| eAPM avg | 11.9 |
| Villagers / military | 112 / 92 |
Focus
⚔️ 28.6% · 🌾 71.4%
Camel Scout ×69 · Mameluke ×17 · Fishing Ship ×15 · Trebuchet (Packed) ×5 · Spearman ×1
Feudal
17:13
Castle
22:16
Imperial
—
| APM avg | 18.5 |
| APM peak | 43 |
| eAPM avg | 10.1 |
| Villagers / military | 73 / 20 |
Focus
⚔️ 21.1% · 🌾 78.9%
Armored Elephant ×15 · Chakram Thrower ×5
Feudal
15:01
Castle
21:10
Imperial
36:29
| APM avg | 27.7 |
| APM peak | 58 |
| eAPM avg | 14.5 |
| Villagers / military | 118 / 169 |
Focus
⚔️ 27.8% · 🌾 72.2%
Archer ×133 · Skirmisher ×15 · Unknown (2626) ×15 · Fishing Ship ×13 · Spearman ×11 · Trebuchet (Packed) ×10
Feudal
14:47
Castle
20:27
Imperial
47:36
| APM avg | 22.9 |
| APM peak | 55 |
| eAPM avg | 10.8 |
| Villagers / military | 75 / 8 |
Focus
⚔️ 13.0% · 🌾 87.0%
Fishing Ship ×31 · Scout Cavalry ×3 · Knight ×2 · Monk ×1 · Transport Ship ×1 · Battle Elephant ×1
Feudal
15:00
Castle
20:04
Imperial
34:35
| APM avg | 43.9 |
| APM peak | 113 |
| eAPM avg | 25.9 |
| Villagers / military | 171 / 197 |
Focus
⚔️ 32.6% · 🌾 67.4%
Skirmisher ×153 · Camel Scout ×38 · Fishing Ship ×19 · Trebuchet (Packed) ×6
Match map
Initial resources + every placement click. Lines = walls · curves = elevation contours. ◆ gold · ⬟ stone · ● berries · ✦ relic · ◌ wall gap
Inputs per minute
— Igor Destructor - - flying ñonga
Build order — Igor Destructor
First 150 of 305 actions detected
| 1:20 | Build | Town Center |
| 3:29 | Create | Villager (Male) |
| 3:29 | Create | Villager (Male) |
| 3:29 | Create | Villager (Male) |
| 3:29 | Create | Villager (Male) |
| 3:29 | Create | Villager (Male) |
| 4:26 | Build | House |
| 4:57 | Build | House |
| 4:59 | Create | Villager (Male) |
| 5:00 | Create | Villager (Male) |
| 6:34 | Create | Villager (Male) |
| 6:34 | Create | Villager (Male) |
| 6:34 | Create | Villager (Male) |
| 7:56 | Create | Villager (Male) |
| 8:09 | Create | Villager (Male) |
| 8:10 | Create | Villager (Male) |
| 8:11 | Create | Villager (Male) |
| 8:24 | Build | House |
| 8:35 | Create | Villager (Male) |
| 8:36 | Create | Villager (Male) |
| 8:36 | Create | Villager (Male) |
| 8:36 | Create | Villager (Male) |
| 9:55 | Create | Villager (Male) |
| 9:56 | Create | Villager (Male) |
| 10:36 | Build | House |
| 11:17 | Build | Mill |
| 12:16 | Research | Loom |
| 13:02 | Build | Lumber Camp |
| 13:07 | Create | Villager (Male) |
| 13:35 | Research | Feudal Age |
| 14:20 | Create | Villager (Male) |
| 14:20 | Create | Villager (Male) |
| 14:24 | Create | Villager (Male) |
| 14:24 | Create | Villager (Male) |
| 15:45 | Age | Feudal Age |
| 15:49 | Create | Villager (Male) |
| 15:49 | Create | Villager (Male) |
| 15:49 | Create | Villager (Male) |
| 16:18 | Build | Barracks |
| 16:33 | Research | Horse Collar |
| 17:15 | Build | Farm |
| 17:16 | Build | Farm |
| 17:19 | Build | Farm |
| 17:46 | Create | Eagle Scout |
| 17:47 | Create | Eagle Scout |
| 17:47 | Create | Eagle Scout |
| 18:00 | Build | House |
| 18:07 | Build | Farm |
| 18:19 | Build | Farm |
| 18:36 | Build | House |
| 18:53 | Build | Farm |
| 19:00 | Build | Farm |
| 19:07 | Create | Eagle Scout |
| 19:17 | Build | House |
| 19:26 | Build | Farm |
| 19:29 | Create | Villager (Male) |
| 19:29 | Create | Villager (Male) |
| 19:40 | Create | Eagle Scout |
| 20:25 | Build | Mill |
| 20:31 | Build | Farm |
| 20:41 | Create | Villager (Male) |
| 20:41 | Create | Villager (Male) |
| 21:17 | Build | Blacksmith |
| 21:22 | Create | Villager (Male) |
| 21:36 | Build | House |
| 21:40 | Build | House |
| 21:57 | Build | Farm |
| 22:16 | Create | Eagle Scout |
| 22:17 | Create | Eagle Scout |
| 22:17 | Create | Eagle Scout |
| 22:58 | Build | Palisade Wall |
| 23:03 | Build | Palisade Wall |
| 23:23 | Create | Villager (Male) |
| 23:30 | Build | Archery Range |
| 23:52 | Build | Palisade Wall |
| 24:02 | Build | Mining Camp |
| 24:14 | Research | Castle Age |
| 24:32 | Build | Stone Wall |
| 24:45 | Build | Stone Wall |
| 24:53 | Build | Building 490 |
| 24:57 | Research | Stone Mining |
| 25:05 | Build | Farm |
| 25:42 | Research | Double-Bit Axe |
| 26:26 | Build | Stone Wall |
| 26:36 | Build | Lumber Camp |
| 26:54 | Age | Castle Age |
| 26:57 | Research | Fletching |
| 27:33 | Build | Mining Camp |
| 27:51 | Build | Market |
| 28:01 | Create | Villager (Male) |
| 28:01 | Create | Villager (Male) |
| 28:04 | Create | Villager (Male) |
| 28:04 | Create | Villager (Male) |
| 29:06 | Build | Castle |
| 29:29 | Build | Town Center |
| 29:46 | Build | Farm |
| 29:54 | Create | Villager (Male) |
| 29:54 | Create | Villager (Male) |
| 29:54 | Create | Villager (Male) |
| 29:55 | Create | Villager (Male) |
| 29:55 | Create | Villager (Male) |
| 30:51 | Build | Farm |
| 30:52 | Build | Farm |
| 30:54 | Build | Farm |
| 30:55 | Build | Farm |
| 30:57 | Build | Farm |
| 30:58 | Build | Farm |
| 31:00 | Build | Farm |
| 31:08 | Create | Villager (Male) |
| 31:09 | Create | Villager (Male) |
| 31:20 | Research | Wheelbarrow |
| 31:27 | Create | Villager (Male) |
| 31:27 | Create | Villager (Male) |
| 31:27 | Create | Villager (Male) |
| 31:27 | Create | Villager (Male) |
| 31:28 | Create | Villager (Male) |
| 31:45 | Research | Forging |
| 31:49 | Create | Eagle Scout |
| 31:49 | Create | Eagle Scout |
| 31:49 | Create | Eagle Scout |
| 31:54 | Research | Eagle Warrior (upgrade) |
| 32:14 | Create | Skirmisher |
| 32:15 | Create | Skirmisher |
| 32:15 | Create | Skirmisher |
| 32:15 | Create | Skirmisher |
| 32:15 | Create | Skirmisher |
| 32:46 | Research | Gold Mining |
| 32:50 | Research | Bow Saw |
| 32:53 | Research | Heavy Plow |
| 32:57 | Create | Villager (Male) |
| 32:57 | Create | Villager (Male) |
| 33:08 | Create | Villager (Male) |
| 33:12 | Create | Villager (Male) |
| 33:12 | Create | Villager (Male) |
| 33:45 | Build | Farm |
| 34:22 | Create | Eagle Scout |
| 34:22 | Create | Eagle Scout |
| 35:15 | Create | Villager (Male) |
| 35:16 | Create | Villager (Male) |
| 35:19 | Create | Villager (Male) |
| 35:20 | Create | Villager (Male) |
| 35:20 | Create | Villager (Male) |
| 35:31 | Build | Town Center |
| 35:52 | Build | House |
| 35:53 | Build | House |
| 35:53 | Build | House |
| 35:53 | Build | House |
| 35:53 | Build | House |
| 35:54 | Build | House |
| 36:50 | Research | Imperial Age |
Build order — flying ñonga
First 150 of 234 actions detected
| 1:56 | Build | Dock |
| 1:58 | Build | House |
| 2:37 | Build | Town Center |
| 4:45 | Create | Villager (Male) |
| 4:45 | Create | Villager (Male) |
| 4:45 | Create | Villager (Male) |
| 4:45 | Create | Villager (Male) |
| 4:46 | Create | Villager (Male) |
| 5:00 | Create | Villager (Male) |
| 5:02 | Research | Loom |
| 5:59 | Create | Villager (Male) |
| 6:00 | Research | Loom |
| 6:32 | Create | Fishing Ship |
| 6:57 | Create | Villager (Male) |
| 7:00 | Research | Loom |
| 7:20 | Build | House |
| 7:28 | Create | Villager (Male) |
| 7:50 | Build | House |
| 7:57 | Create | Villager (Male) |
| 8:13 | Create | Villager (Male) |
| 8:24 | Build | House |
| 8:43 | Create | Villager (Male) |
| 9:41 | Create | Fishing Ship |
| 9:48 | Create | Villager (Male) |
| 10:06 | Create | Villager (Male) |
| 10:07 | Create | Villager (Male) |
| 10:09 | Create | Fishing Ship |
| 10:49 | Create | Villager (Male) |
| 10:51 | Create | Fishing Ship |
| 11:08 | Create | Villager (Male) |
| 11:31 | Create | Villager (Male) |
| 11:48 | Build | Mining Camp |
| 11:54 | Create | Fishing Ship |
| 12:13 | Create | Villager (Male) |
| 12:24 | Build | Mill |
| 12:37 | Create | Villager (Male) |
| 12:50 | Build | House |
| 12:53 | Build | House |
| 13:21 | Create | Fishing Ship |
| 13:42 | Create | Villager (Male) |
| 13:52 | Build | House |
| 14:16 | Build | Mining Camp |
| 14:17 | Research | Feudal Age |
| 15:24 | Create | Villager (Male) |
| 15:30 | Create | Fishing Ship |
| 16:23 | Build | Farm |
| 16:27 | Age | Feudal Age |
| 17:00 | Build | Market |
| 17:18 | Research | Castle Age |
| 18:00 | Build | Stable |
| 18:04 | Create | Villager (Male) |
| 18:48 | Create | Fishing Ship |
| 19:14 | Create | Scout Cavalry |
| 19:34 | Create | Villager (Male) |
| 19:53 | Create | Villager (Male) |
| 19:58 | Age | Castle Age |
| 20:11 | Create | Knight |
| 20:11 | Create | Knight |
| 20:35 | Build | Castle |
| 20:46 | Build | Palisade Wall |
| 20:52 | Create | Villager (Male) |
| 21:02 | Build | Farm |
| 21:03 | Build | Farm |
| 21:09 | Create | Villager (Male) |
| 21:10 | Create | Villager (Male) |
| 21:53 | Build | Mining Camp |
| 22:15 | Build | Blacksmith |
| 22:18 | Create | Knight |
| 22:22 | Build | Farm |
| 23:10 | Build | Building 487 |
| 23:43 | Research | Forging |
| 23:44 | Create | Villager (Male) |
| 23:44 | Create | Villager (Male) |
| 23:53 | Create | Knight |
| 24:58 | Create | Knight |
| 24:59 | Research | Wheelbarrow |
| 25:14 | Create | Scout Cavalry |
| 25:15 | Create | Knight |
| 25:28 | Build | Farm |
| 25:34 | Build | Monastery |
| 25:37 | Build | Farm |
| 25:39 | Create | Villager (Male) |
| 25:56 | Research | Scale Barding Armor |
| 26:29 | Build | Farm |
| 26:30 | Create | Monk |
| 26:31 | Create | Villager (Male) |
| 27:10 | Create | Villager (Male) |
| 27:10 | Create | Villager (Male) |
| 27:25 | Create | Villager (Male) |
| 27:31 | Create | Villager (Male) |
| 27:35 | Create | Villager (Male) |
| 27:38 | Build | Farm |
| 27:41 | Build | Farm |
| 28:13 | Build | Town Center |
| 28:15 | Create | Villager (Male) |
| 28:16 | Research | Town Watch |
| 28:19 | Create | Knight |
| 28:29 | Create | Villager (Male) |
| 28:31 | Build | Farm |
| 28:53 | Create | Villager (Male) |
| 28:54 | Create | Villager (Male) |
| 28:57 | Build | Siege Workshop |
| 29:06 | Create | Knight |
| 29:07 | Research | Bloodlines |
| 29:13 | Research | Iron Casting |
| 29:15 | Create | Villager (Male) |
| 29:15 | Create | Villager (Male) |
| 29:41 | Create | Villager (Male) |
| 29:42 | Create | Villager (Male) |
| 30:06 | Research | Chain Barding Armor |
| 30:07 | Create | Villager (Male) |
| 30:12 | Build | Farm |
| 30:17 | Build | Farm |
| 30:18 | Build | Farm |
| 30:21 | Build | Farm |
| 30:27 | Create | Battering Ram |
| 30:31 | Create | Villager (Male) |
| 30:32 | Create | Villager (Male) |
| 30:36 | Create | Knight |
| 30:54 | Create | Villager (Male) |
| 30:59 | Research | Stone Mining |
| 31:01 | Create | Villager (Male) |
| 31:16 | Create | Villager (Male) |
| 32:06 | Create | Knight |
| 32:12 | Build | House |
| 32:27 | Create | Battering Ram |
| 32:30 | Create | Villager (Male) |
| 32:33 | Build | House |
| 32:43 | Create | Villager (Male) |
| 33:34 | Create | Villager (Male) |
| 33:38 | Create | Villager (Male) |
| 33:57 | Research | Hand Cart |
| 34:33 | Research | Town Patrol |
| 34:34 | Create | Villager (Male) |
| 34:34 | Create | Villager (Male) |
| 34:42 | Build | Town Center |
| 35:01 | Create | Villager (Male) |
| 35:01 | Create | Villager (Male) |
| 35:03 | Build | Farm |
| 35:13 | Research | Husbandry |
| 35:28 | Build | Farm |
| 35:50 | Create | Villager (Male) |
| 35:58 | Build | House |
| 35:59 | Build | House |
| 36:00 | Build | House |
| 36:35 | Create | Villager (Male) |
| 36:43 | Research | Imperial Age |
| 36:52 | Create | Scorpion |
| 36:53 | Create | Scorpion |
| 37:34 | Create | Villager (Male) |
Build order — xxARCON97xx
First 150 of 309 actions detected
| 0:13 | Build | House |
| 0:14 | Build | House |
| 0:38 | Build | Town Center |
| 3:04 | Build | Lumber Camp |
| 3:06 | Create | Villager (Male) |
| 3:07 | Create | Villager (Male) |
| 3:07 | Create | Villager (Male) |
| 3:07 | Create | Villager (Male) |
| 4:16 | Create | Villager (Male) |
| 4:54 | Create | Villager (Male) |
| 5:19 | Create | Villager (Male) |
| 5:28 | Create | Villager (Male) |
| 6:13 | Research | Loom |
| 6:23 | Create | Villager (Male) |
| 6:24 | Create | Villager (Male) |
| 6:39 | Build | Dock |
| 7:30 | Build | House |
| 7:41 | Create | Villager (Male) |
| 7:42 | Create | Villager (Male) |
| 7:49 | Build | House |
| 8:01 | Create | Fishing Ship |
| 8:44 | Create | Villager (Male) |
| 8:45 | Create | Villager (Male) |
| 8:45 | Create | Villager (Male) |
| 8:48 | Create | Fishing Ship |
| 9:33 | Create | Villager (Male) |
| 9:46 | Build | Mill |
| 9:48 | Create | Villager (Male) |
| 9:49 | Create | Villager (Male) |
| 10:03 | Create | Fishing Ship |
| 10:30 | Create | Villager (Male) |
| 10:34 | Create | Fishing Ship |
| 10:48 | Build | House |
| 11:07 | Build | Palisade Wall |
| 11:13 | Create | Villager (Male) |
| 11:22 | Build | House |
| 11:31 | Build | Palisade Wall |
| 11:33 | Create | Villager (Male) |
| 11:37 | Create | Fishing Ship |
| 12:00 | Build | Mining Camp |
| 12:04 | Create | Fishing Ship |
| 12:08 | Create | Villager (Male) |
| 12:47 | Create | Villager (Male) |
| 12:53 | Create | Fishing Ship |
| 13:11 | Build | Palisade Wall |
| 13:14 | Create | Villager (Male) |
| 13:23 | Build | House |
| 13:25 | Build | House |
| 13:31 | Research | Feudal Age |
| 13:41 | Create | Fishing Ship |
| 13:52 | Build | Mining Camp |
| 14:04 | Build | Palisade Wall |
| 14:56 | Build | Barracks |
| 15:15 | Create | Fishing Ship |
| 15:27 | Build | Dock |
| 15:39 | Build | Palisade Wall |
| 15:48 | Create | Villager (Male) |
| 15:49 | Create | Villager (Male) |
| 15:51 | Create | Villager (Male) |
| 15:58 | Research | Double-Bit Axe |
| 16:05 | Create | Fire Galley |
| 16:05 | Create | Fire Galley |
| 16:27 | Create | Fire Galley |
| 16:27 | Create | Fire Galley |
| 16:46 | Create | Villager (Male) |
| 16:47 | Create | Villager (Male) |
| 17:01 | Create | Fire Galley |
| 17:01 | Create | Fire Galley |
| 17:29 | Create | Fire Galley |
| 17:35 | Create | Villager (Male) |
| 17:36 | Create | Villager (Male) |
| 17:45 | Build | House |
| 17:46 | Build | House |
| 17:48 | Build | House |
| 18:03 | Create | Fire Galley |
| 18:03 | Create | Fire Galley |
| 18:09 | Create | Villager (Male) |
| 18:10 | Create | Villager (Male) |
| 18:55 | Create | Villager (Male) |
| 18:55 | Create | Villager (Male) |
| 19:14 | Build | House |
| 19:25 | Create | Fire Galley |
| 19:25 | Create | Fire Galley |
| 20:28 | Build | Market |
| 20:58 | Build | Blacksmith |
| 21:40 | Research | Castle Age |
| 21:40 | Research | Castle Age |
| 22:01 | Build | Dock |
| 22:19 | Create | Demolition Raft |
| 22:19 | Create | Demolition Raft |
| 22:19 | Create | Demolition Raft |
| 23:45 | Build | Farm |
| 23:47 | Build | Farm |
| 23:48 | Build | Farm |
| 23:49 | Build | Farm |
| 23:51 | Build | Farm |
| 24:07 | Build | Farm |
| 24:31 | Build | Castle |
| 24:34 | Create | Villager (Male) |
| 24:34 | Create | Villager (Male) |
| 24:35 | Create | Villager (Male) |
| 24:40 | Research | Gold Mining |
| 24:44 | Create | Villager (Male) |
| 25:29 | Build | Stable |
| 25:38 | Research | Tech 905 |
| 25:40 | Create | Demolition Raft |
| 25:40 | Create | Demolition Raft |
| 25:41 | Create | Demolition Raft |
| 25:43 | Create | Villager (Male) |
| 25:44 | Create | Villager (Male) |
| 25:52 | Build | Farm |
| 26:02 | Build | Mining Camp |
| 26:13 | Create | Conquistador |
| 26:14 | Create | Conquistador |
| 26:37 | Build | Farm |
| 27:06 | Create | Conquistador |
| 27:10 | Create | Villager (Male) |
| 27:10 | Create | Villager (Male) |
| 27:16 | Build | Farm |
| 27:18 | Build | Farm |
| 27:24 | Create | Conquistador |
| 27:46 | Build | Farm |
| 27:47 | Create | Villager (Male) |
| 28:29 | Create | Villager (Male) |
| 28:29 | Create | Villager (Male) |
| 28:30 | Create | Villager (Male) |
| 28:33 | Build | Farm |
| 28:44 | Create | Villager (Male) |
| 28:57 | Build | Town Center |
| 29:11 | Build | Farm |
| 29:16 | Create | Villager (Male) |
| 29:27 | Create | Fire Galley |
| 29:27 | Create | Fire Galley |
| 29:30 | Build | Farm |
| 29:38 | Create | Villager (Male) |
| 29:41 | Create | Conquistador |
| 29:57 | Build | Farm |
| 30:38 | Build | Farm |
| 31:10 | Build | Farm |
| 31:12 | Build | Farm |
| 31:12 | Create | Villager (Male) |
| 31:13 | Create | Villager (Male) |
| 31:14 | Create | Villager (Male) |
| 31:14 | Create | Villager (Male) |
| 31:15 | Create | Villager (Male) |
| 31:18 | Create | Villager (Male) |
| 31:18 | Create | Villager (Male) |
| 31:33 | Research | Bloodlines |
| 31:55 | Build | Farm |
| 31:56 | Create | Villager (Male) |
Build order — Gárgaras Tibias
First 150 of 319 actions detected
| 1:13 | Build | Town Center |
| 1:40 | Build | Dock |
| 1:45 | Build | House |
| 3:22 | Create | Villager (Male) |
| 3:22 | Create | Villager (Male) |
| 3:23 | Create | Villager (Male) |
| 3:24 | Create | Villager (Male) |
| 4:46 | Create | Fishing Ship |
| 4:47 | Create | Fishing Ship |
| 5:26 | Create | Villager (Male) |
| 5:27 | Create | Villager (Male) |
| 5:34 | Create | Fishing Ship |
| 5:44 | Create | Fishing Ship |
| 5:54 | Build | House |
| 6:03 | Research | Loom |
| 6:11 | Create | Fishing Ship |
| 6:40 | Create | Villager (Male) |
| 6:58 | Create | Fishing Ship |
| 7:12 | Build | House |
| 7:33 | Create | Villager (Male) |
| 7:40 | Create | Fishing Ship |
| 7:53 | Create | Villager (Male) |
| 8:32 | Create | Villager (Male) |
| 8:33 | Create | Villager (Male) |
| 8:47 | Create | Villager (Male) |
| 9:13 | Create | Fishing Ship |
| 9:21 | Create | Villager (Male) |
| 9:29 | Build | Lumber Camp |
| 9:55 | Build | House |
| 10:12 | Create | Villager (Male) |
| 10:31 | Create | Villager (Male) |
| 10:38 | Build | House |
| 11:04 | Create | Villager (Male) |
| 12:07 | Research | Feudal Age |
| 12:30 | Build | Dock |
| 13:09 | Create | Villager (Male) |
| 13:26 | Build | Mill |
| 13:37 | Build | House |
| 13:56 | Build | Mining Camp |
| 14:17 | Create | Villager (Male) |
| 14:17 | Age | Feudal Age |
| 14:20 | Research | Double-Bit Axe |
| 14:42 | Create | Fishing Ship |
| 15:08 | Build | Market |
| 15:18 | Create | Villager (Male) |
| 15:30 | Build | Palisade Wall |
| 15:35 | Build | Palisade Wall |
| 15:41 | Build | Palisade Wall |
| 15:49 | Create | Villager (Male) |
| 15:53 | Build | Barracks |
| 16:07 | Create | Villager (Male) |
| 16:15 | Build | Blacksmith |
| 16:28 | Build | Mining Camp |
| 16:32 | Create | Villager (Male) |
| 16:53 | Create | Villager (Male) |
| 16:57 | Create | Spearman |
| 17:07 | Create | Fishing Ship |
| 17:21 | Create | Fishing Ship |
| 18:21 | Research | Castle Age |
| 18:40 | Build | Palisade Wall |
| 18:43 | Build | Palisade Wall |
| 18:44 | Build | Stone Wall |
| 18:50 | Build | Palisade Wall |
| 18:54 | Build | Palisade Wall |
| 19:06 | Research | Horse Collar |
| 20:01 | Create | Villager (Male) |
| 20:24 | Build | Stone Wall |
| 21:01 | Age | Castle Age |
| 21:06 | Build | House |
| 21:42 | Build | Castle |
| 21:50 | Build | Palisade Wall |
| 21:52 | Build | Palisade Wall |
| 21:55 | Build | Palisade Wall |
| 22:00 | Build | House |
| 22:04 | Build | Palisade Wall |
| 22:08 | Build | House |
| 22:11 | Build | House |
| 22:28 | Build | House |
| 23:11 | Create | Villager (Male) |
| 23:12 | Create | Villager (Male) |
| 23:30 | Build | Farm |
| 23:30 | Build | Farm |
| 23:37 | Create | Mameluke |
| 23:37 | Create | Mameluke |
| 24:19 | Create | Villager (Male) |
| 24:19 | Create | Villager (Male) |
| 24:19 | Create | Villager (Male) |
| 24:31 | Research | Fletching |
| 25:01 | Create | Mameluke |
| 25:02 | Create | Mameluke |
| 25:08 | Build | Palisade Wall |
| 25:13 | Build | House |
| 25:41 | Build | Stone Wall |
| 25:43 | Build | Building 487 |
| 26:02 | Build | Farm |
| 26:02 | Build | Farm |
| 26:03 | Build | Farm |
| 26:08 | Research | Tech 906 |
| 26:14 | Create | Villager (Male) |
| 26:15 | Create | Villager (Male) |
| 26:16 | Create | Villager (Male) |
| 26:18 | Create | Mameluke |
| 26:37 | Build | Outpost |
| 26:43 | Create | Villager (Male) |
| 26:56 | Research | Gold Mining |
| 26:58 | Create | Villager (Male) |
| 26:58 | Create | Villager (Male) |
| 27:04 | Create | Mameluke |
| 27:20 | Build | Mining Camp |
| 27:39 | Create | Villager (Male) |
| 27:39 | Create | Villager (Male) |
| 27:51 | Build | Town Center |
| 28:17 | Create | Villager (Male) |
| 28:27 | Research | Gillnets |
| 28:33 | Create | Villager (Male) |
| 28:34 | Create | Villager (Male) |
| 28:44 | Build | Town Center |
| 28:53 | Create | Villager (Male) |
| 28:54 | Create | Villager (Male) |
| 28:58 | Create | Mameluke |
| 28:58 | Create | Mameluke |
| 29:03 | Build | Stable |
| 29:08 | Build | Farm |
| 29:11 | Research | Heavy Plow |
| 29:37 | Build | Dock |
| 29:40 | Create | Villager (Male) |
| 29:40 | Create | Villager (Male) |
| 29:45 | Create | Villager (Male) |
| 29:46 | Create | Villager (Male) |
| 29:49 | Create | Villager (Male) |
| 29:50 | Create | Villager (Male) |
| 30:03 | Research | Stone Mining |
| 30:08 | Build | Farm |
| 30:08 | Build | Farm |
| 30:09 | Build | Farm |
| 30:09 | Build | Farm |
| 30:09 | Build | Farm |
| 30:10 | Build | Farm |
| 30:10 | Build | Farm |
| 30:10 | Build | Farm |
| 30:10 | Build | Farm |
| 30:15 | Create | Villager (Male) |
| 30:16 | Create | Villager (Male) |
| 30:30 | Build | Watch Tower |
| 30:41 | Research | Bloodlines |
| 30:52 | Create | Villager (Male) |
| 30:53 | Create | Villager (Male) |
| 31:09 | Research | Husbandry |
| 31:12 | Create | Villager (Male) |
| 31:12 | Create | Villager (Male) |
Build order — castle.franz06
First 150 of 187 actions detected
| 1:00 | Build | Town Center |
| 2:07 | Build | Palisade Wall |
| 2:15 | Build | House |
| 2:23 | Build | House |
| 2:50 | Build | Palisade Wall |
| 2:52 | Build | Palisade Wall |
| 2:54 | Build | Palisade Wall |
| 2:56 | Build | Palisade Wall |
| 3:54 | Create | Villager (Male) |
| 3:55 | Create | Villager (Male) |
| 3:55 | Create | Villager (Male) |
| 3:55 | Create | Villager (Male) |
| 3:55 | Create | Villager (Male) |
| 4:05 | Build | Mill |
| 5:15 | Build | House |
| 5:18 | Build | House |
| 5:38 | Research | Loom |
| 5:38 | Create | Villager (Male) |
| 5:39 | Create | Villager (Male) |
| 5:44 | Create | Villager (Male) |
| 5:44 | Create | Villager (Male) |
| 6:37 | Create | Villager (Male) |
| 6:37 | Create | Villager (Male) |
| 7:02 | Create | Villager (Male) |
| 7:02 | Create | Villager (Male) |
| 7:02 | Create | Villager (Male) |
| 7:17 | Build | House |
| 7:34 | Create | Villager (Male) |
| 7:34 | Create | Villager (Male) |
| 8:00 | Create | Villager (Male) |
| 8:00 | Create | Villager (Male) |
| 8:01 | Create | Villager (Male) |
| 8:16 | Create | Villager (Male) |
| 8:17 | Create | Villager (Male) |
| 8:42 | Create | Villager (Male) |
| 8:43 | Create | Villager (Male) |
| 8:43 | Create | Villager (Male) |
| 9:08 | Create | Villager (Male) |
| 9:08 | Create | Villager (Male) |
| 9:08 | Create | Villager (Male) |
| 10:20 | Create | Villager (Male) |
| 10:20 | Create | Villager (Male) |
| 10:20 | Create | Villager (Male) |
| 10:20 | Create | Villager (Male) |
| 11:26 | Create | Villager (Male) |
| 11:41 | Create | Villager (Male) |
| 11:42 | Create | Villager (Male) |
| 11:46 | Build | House |
| 11:59 | Build | Palisade Wall |
| 12:00 | Build | Palisade Wall |
| 12:00 | Build | Palisade Wall |
| 12:01 | Build | Palisade Wall |
| 12:02 | Build | Palisade Wall |
| 12:03 | Build | Palisade Wall |
| 12:04 | Build | Palisade Wall |
| 12:04 | Build | Palisade Wall |
| 12:05 | Build | Palisade Wall |
| 12:05 | Build | Palisade Wall |
| 12:13 | Create | Villager (Male) |
| 12:21 | Build | Mining Camp |
| 12:25 | Create | Villager (Male) |
| 12:29 | Build | House |
| 12:47 | Build | Farm |
| 13:31 | Build | Lumber Camp |
| 13:48 | Create | Villager (Male) |
| 13:48 | Create | Villager (Male) |
| 13:50 | Create | Villager (Male) |
| 14:22 | Build | Mining Camp |
| 15:03 | Research | Feudal Age |
| 16:50 | Create | Villager (Male) |
| 16:50 | Create | Villager (Male) |
| 17:13 | Age | Feudal Age |
| 17:17 | Build | Market |
| 17:26 | Build | Blacksmith |
| 18:29 | Build | Mill |
| 18:58 | Build | Farm |
| 19:36 | Research | Castle Age |
| 20:21 | Research | Stone Mining |
| 20:42 | Build | House |
| 20:50 | Build | Outpost |
| 21:23 | Research | Town Watch |
| 21:33 | Build | Outpost |
| 22:12 | Build | House |
| 22:14 | Build | Palisade Wall |
| 22:16 | Age | Castle Age |
| 22:16 | Build | House |
| 22:23 | Build | Castle |
| 22:32 | Build | Stone Wall |
| 23:19 | Build | Town Center |
| 23:36 | Build | House |
| 23:47 | Build | Town Center |
| 23:54 | Create | Villager (Male) |
| 23:54 | Create | Villager (Male) |
| 23:54 | Create | Villager (Male) |
| 24:15 | Build | Farm |
| 24:17 | Build | Farm |
| 24:24 | Build | Farm |
| 25:03 | Build | Farm |
| 25:07 | Build | Farm |
| 25:08 | Create | Chakram Thrower |
| 25:08 | Create | Chakram Thrower |
| 25:42 | Build | Castle |
| 26:19 | Create | Chakram Thrower |
| 26:19 | Create | Chakram Thrower |
| 26:19 | Create | Chakram Thrower |
| 26:49 | Create | Villager (Male) |
| 26:49 | Create | Villager (Male) |
| 27:34 | Build | Farm |
| 27:43 | Create | Villager (Male) |
| 27:43 | Create | Villager (Male) |
| 27:46 | Create | Villager (Male) |
| 27:46 | Create | Villager (Male) |
| 27:57 | Build | Town Center |
| 28:22 | Create | Villager (Male) |
| 28:22 | Create | Villager (Male) |
| 28:27 | Build | Farm |
| 29:48 | Build | Siege Workshop |
| 29:55 | Create | Villager (Male) |
| 29:55 | Create | Villager (Male) |
| 29:55 | Create | Villager (Male) |
| 29:56 | Create | Villager (Male) |
| 29:56 | Create | Villager (Male) |
| 30:42 | Build | Castle |
| 31:17 | Research | Fletching |
| 31:46 | Create | Villager (Male) |
| 31:47 | Create | Villager (Male) |
| 32:03 | Build | Stone Wall |
| 32:29 | Research | Bodkin Arrow |
| 32:41 | Build | Stone Wall |
| 33:00 | Create | Villager (Male) |
| 33:00 | Create | Villager (Male) |
| 33:00 | Create | Villager (Male) |
| 34:22 | Create | Villager (Male) |
| 34:23 | Create | Villager (Male) |
| 34:23 | Create | Villager (Male) |
| 34:59 | Create | Armored Elephant |
| 34:59 | Create | Armored Elephant |
| 35:00 | Create | Armored Elephant |
| 35:10 | Create | Armored Elephant |
| 35:10 | Create | Armored Elephant |
| 35:10 | Create | Armored Elephant |
| 35:45 | Create | Armored Elephant |
| 35:45 | Create | Armored Elephant |
| 35:51 | Build | Farm |
| 36:19 | Create | Armored Elephant |
| 36:19 | Create | Armored Elephant |
| 36:29 | Build | Farm |
| 36:31 | Build | Farm |
| 36:47 | Research | Double-Bit Axe |
| 36:47 | Research | Double-Bit Axe |
Build order — SanjiJose
First 150 of 287 actions detected
| 0:51 | Build | Town Center |
| 1:37 | Build | Dock |
| 1:41 | Build | House |
| 2:55 | Create | Villager (Male) |
| 2:55 | Create | Villager (Male) |
| 2:56 | Create | Villager (Male) |
| 2:56 | Create | Villager (Male) |
| 3:38 | Build | Palisade Wall |
| 4:02 | Research | Loom |
| 4:24 | Create | Fishing Ship |
| 5:04 | Create | Villager (Male) |
| 5:11 | Build | House |
| 5:38 | Create | Villager (Male) |
| 6:04 | Create | Fishing Ship |
| 6:10 | Create | Villager (Male) |
| 6:10 | Create | Villager (Male) |
| 6:15 | Build | House |
| 6:50 | Create | Fishing Ship |
| 6:58 | Create | Villager (Male) |
| 7:16 | Build | House |
| 7:29 | Create | Villager (Male) |
| 7:54 | Create | Villager (Male) |
| 7:54 | Create | Villager (Male) |
| 7:58 | Create | Fishing Ship |
| 8:40 | Create | Villager (Male) |
| 8:40 | Create | Villager (Male) |
| 8:49 | Create | Fishing Ship |
| 8:53 | Build | House |
| 9:09 | Create | Villager (Male) |
| 9:09 | Create | Villager (Male) |
| 9:24 | Create | Fishing Ship |
| 10:01 | Create | Villager (Male) |
| 10:16 | Create | Fishing Ship |
| 10:34 | Build | Dock |
| 10:45 | Create | Fishing Ship |
| 10:57 | Create | Villager (Male) |
| 11:14 | Create | Fishing Ship |
| 11:17 | Build | House |
| 11:24 | Create | Villager (Male) |
| 11:31 | Build | Lumber Camp |
| 11:48 | Create | Villager (Male) |
| 11:53 | Create | Fishing Ship |
| 11:58 | Build | House |
| 12:00 | Build | House |
| 12:16 | Create | Villager (Male) |
| 12:44 | Build | Mining Camp |
| 12:51 | Research | Feudal Age |
| 14:00 | Build | Barracks |
| 14:13 | Create | Fishing Ship |
| 14:16 | Create | Fishing Ship |
| 14:23 | Build | House |
| 14:24 | Build | House |
| 14:24 | Build | House |
| 14:52 | Create | Villager (Male) |
| 14:52 | Create | Villager (Male) |
| 15:01 | Age | Feudal Age |
| 15:13 | Create | Villager (Male) |
| 15:13 | Create | Villager (Male) |
| 15:18 | Create | Fishing Ship |
| 15:21 | Research | Tech 906 |
| 15:29 | Research | Double-Bit Axe |
| 16:06 | Build | Archery Range |
| 16:25 | Create | Unit 2626 |
| 16:44 | Build | Watch Tower |
| 16:50 | Create | Villager (Male) |
| 16:50 | Create | Villager (Male) |
| 17:01 | Create | Unit 2626 |
| 17:02 | Create | Unit 2626 |
| 17:02 | Create | Unit 2626 |
| 17:32 | Build | Blacksmith |
| 17:36 | Create | Villager (Male) |
| 17:36 | Create | Villager (Male) |
| 18:07 | Create | Unit 2626 |
| 18:10 | Create | Unit 2626 |
| 18:17 | Research | Castle Age |
| 18:25 | Build | Mill |
| 18:55 | Create | Unit 2626 |
| 18:59 | Create | Unit 2626 |
| 19:55 | Create | Unit 2626 |
| 19:55 | Create | Unit 2626 |
| 19:55 | Create | Unit 2626 |
| 20:27 | Research | Wheelbarrow |
| 20:29 | Research | Horse Collar |
| 20:31 | Research | Fletching |
| 20:37 | Build | Archery Range |
| 20:38 | Build | Archery Range |
| 20:52 | Create | Unit 2626 |
| 20:54 | Create | Unit 2626 |
| 21:10 | Age | Castle Age |
| 21:12 | Research | Crossbowman (upgrade) |
| 21:15 | Research | Gold Mining |
| 21:27 | Build | Building 490 |
| 21:34 | Build | Stone Wall |
| 21:36 | Build | Stone Wall |
| 21:48 | Create | Unit 2626 |
| 21:48 | Create | Unit 2626 |
| 22:43 | Create | Archer ×4 |
| 22:43 | Create | Archer ×4 |
| 22:46 | Create | Villager (Male) ×5 |
| 22:46 | Create | Villager (Male) ×5 |
| 23:12 | Build | Market |
| 23:58 | Build | Town Center |
| 24:08 | Build | House |
| 24:08 | Build | House |
| 24:08 | Build | House |
| 24:08 | Build | House |
| 24:08 | Build | House |
| 24:09 | Build | House |
| 24:09 | Build | House |
| 24:10 | Build | House |
| 24:10 | Build | House |
| 24:10 | Build | House |
| 24:10 | Build | House |
| 24:11 | Build | House |
| 24:11 | Build | House |
| 25:16 | Build | Town Center |
| 25:28 | Create | Villager (Male) ×5 |
| 25:28 | Create | Villager (Male) ×5 |
| 26:00 | Create | Archer ×5 |
| 26:00 | Create | Archer ×5 |
| 26:04 | Research | Padded Archer Armor |
| 26:25 | Create | Villager (Male) ×5 |
| 26:25 | Create | Villager (Male) ×5 |
| 26:56 | Build | University |
| 27:33 | Create | Villager (Male) ×2 |
| 27:39 | Build | Farm |
| 27:40 | Build | Farm |
| 27:40 | Build | Farm |
| 27:42 | Build | Farm |
| 27:46 | Build | Farm |
| 27:46 | Build | Farm |
| 27:46 | Build | Farm |
| 27:46 | Build | Farm |
| 27:47 | Build | Farm |
| 27:47 | Build | Farm |
| 27:48 | Build | Farm |
| 27:48 | Build | Farm |
| 27:48 | Build | Farm |
| 27:48 | Build | Farm |
| 27:49 | Build | Farm |
| 27:49 | Build | Farm |
| 27:50 | Build | Farm |
| 27:50 | Build | Farm |
| 27:50 | Build | Farm |
| 28:00 | Build | Farm |
| 28:01 | Build | Farm |
| 28:28 | Create | Villager (Male) ×5 |
| 28:28 | Create | Villager (Male) ×2 |
| 28:28 | Create | Villager (Male) ×2 |
| 29:09 | Research | Ballistics |
Build order — Axia
First 150 of 226 actions detected
| 1:02 | Build | Town Center |
| 1:24 | Build | House |
| 2:36 | Build | Dock |
| 3:49 | Create | Villager (Male) |
| 3:49 | Create | Villager (Male) |
| 3:49 | Create | Villager (Male) |
| 3:50 | Create | Villager (Male) |
| 3:50 | Create | Villager (Male) |
| 4:17 | Build | House |
| 5:31 | Create | Villager (Male) |
| 5:46 | Create | Villager (Male) |
| 5:46 | Create | Villager (Male) |
| 5:58 | Create | Fishing Ship |
| 5:58 | Create | Fishing Ship |
| 6:16 | Research | Loom |
| 6:40 | Create | Villager (Male) |
| 6:40 | Create | Villager (Male) |
| 6:58 | Create | Fishing Ship |
| 6:58 | Create | Fishing Ship |
| 7:35 | Create | Villager (Male) |
| 7:35 | Create | Villager (Male) |
| 7:39 | Create | Fishing Ship |
| 7:39 | Create | Fishing Ship |
| 7:53 | Create | Villager (Male) |
| 7:53 | Create | Villager (Male) |
| 7:53 | Create | Villager (Male) |
| 8:06 | Build | House |
| 8:30 | Create | Fishing Ship |
| 8:41 | Create | Villager (Male) |
| 8:53 | Build | House |
| 9:04 | Create | Villager (Male) |
| 9:15 | Create | Villager (Male) |
| 9:30 | Create | Fishing Ship |
| 9:31 | Create | Fishing Ship |
| 9:58 | Create | Villager (Male) |
| 10:06 | Create | Fishing Ship |
| 10:06 | Create | Fishing Ship |
| 10:20 | Create | Villager (Male) |
| 10:49 | Create | Fishing Ship |
| 10:49 | Create | Fishing Ship |
| 10:53 | Create | Villager (Male) |
| 11:03 | Build | House |
| 11:33 | Build | House |
| 11:34 | Create | Villager (Male) |
| 11:48 | Build | Mill |
| 12:11 | Create | Villager (Male) |
| 12:25 | Create | Villager (Male) |
| 12:33 | Research | Feudal Age |
| 12:59 | Build | Dock |
| 13:37 | Create | Fishing Ship |
| 13:44 | Create | Fishing Ship |
| 13:44 | Create | Fishing Ship |
| 13:48 | Create | Villager (Male) |
| 14:19 | Build | Mining Camp |
| 14:47 | Age | Feudal Age |
| 14:56 | Build | Lumber Camp |
| 14:59 | Create | Villager (Male) |
| 15:23 | Create | Fishing Ship |
| 15:26 | Create | Villager (Male) |
| 15:33 | Build | House |
| 15:39 | Create | Villager (Male) |
| 16:04 | Create | Fishing Ship |
| 16:17 | Create | Fishing Ship |
| 16:42 | Build | House |
| 16:45 | Create | Villager (Male) |
| 16:56 | Create | Villager (Male) |
| 17:02 | Create | Fishing Ship |
| 17:04 | Create | Fishing Ship |
| 17:15 | Build | House |
| 17:31 | Create | Fishing Ship |
| 17:38 | Create | Fishing Ship |
| 17:46 | Build | House |
| 17:47 | Research | Castle Age |
| 18:11 | Research | Double-Bit Axe |
| 18:37 | Build | Blacksmith |
| 18:39 | Create | Villager (Male) |
| 18:41 | Create | Villager (Male) |
| 18:49 | Create | Fishing Ship |
| 18:53 | Create | Fishing Ship |
| 19:18 | Research | Tech 906 |
| 19:34 | Research | Fletching |
| 19:38 | Research | Forging |
| 19:40 | Research | Scale Barding Armor |
| 19:54 | Build | Stable |
| 19:58 | Build | House |
| 20:02 | Build | House |
| 20:10 | Build | Palisade Wall |
| 20:27 | Age | Castle Age |
| 20:35 | Research | Fletching |
| 20:42 | Research | War Galley (upgrade) |
| 21:01 | Build | Dock |
| 21:21 | Create | Battle Elephant |
| 22:06 | Research | Husbandry |
| 22:07 | Research | Bloodlines |
| 22:10 | Research | Iron Casting |
| 25:19 | Create | Transport Ship |
| 28:27 | Build | Lumber Camp |
| 29:57 | Build | House |
| 30:44 | Build | Town Center |
| 31:28 | Create | Knight |
| 31:38 | Create | Knight |
| 31:42 | Create | Scout Cavalry |
| 31:44 | Create | Scout Cavalry |
| 31:44 | Create | Scout Cavalry |
| 31:46 | Research | Light Cavalry (upgrade) |
| 31:54 | Create | Villager (Male) |
| 31:55 | Create | Villager (Male) |
| 32:00 | Research | Wheelbarrow |
| 32:15 | Create | Fishing Ship |
| 32:39 | Create | Villager (Male) |
| 33:24 | Create | Villager (Male) |
| 33:24 | Create | Villager (Male) |
| 34:34 | Create | Villager (Male) |
| 34:45 | Build | Blacksmith |
| 35:28 | Research | Gillnets |
| 35:29 | Create | Fishing Ship |
| 35:29 | Create | Fishing Ship |
| 35:30 | Create | Fishing Ship |
| 35:32 | Create | Fishing Ship |
| 35:32 | Create | Fishing Ship |
| 36:00 | Research | Bow Saw |
| 36:46 | Build | Stone Wall |
| 36:54 | Build | House |
| 36:55 | Build | House |
| 36:56 | Build | House |
| 37:02 | Create | Villager (Male) |
| 37:14 | Build | Town Center |
| 37:18 | Create | Villager (Male) |
| 37:19 | Create | Villager (Male) |
| 37:29 | Build | House |
| 37:32 | Build | House |
| 37:39 | Build | House |
| 37:40 | Build | House |
| 37:42 | Build | House |
| 37:50 | Create | Villager (Male) |
| 38:37 | Build | Stone Wall |
| 38:42 | Build | Stone Wall |
| 38:47 | Build | Stone Wall |
| 38:53 | Create | Villager (Male) |
| 38:58 | Research | Hand Cart |
| 39:12 | Create | Villager (Male) |
| 39:19 | Build | Monastery |
| 39:24 | Build | House |
| 39:27 | Build | House |
| 39:33 | Build | House |
| 39:34 | Build | House |
| 39:35 | Create | Villager (Male) |
| 39:47 | Create | Villager (Male) |
| 39:51 | Create | Villager (Male) |
| 39:51 | Create | Villager (Male) |
Build order — carlos__federico
First 150 of 578 actions detected
| 1:05 | Build | Town Center |
| 3:06 | Build | House |
| 3:31 | Create | Villager (Male) |
| 3:31 | Create | Villager (Male) |
| 3:55 | Create | Villager (Male) |
| 3:55 | Create | Villager (Male) |
| 3:55 | Create | Villager (Male) |
| 4:28 | Create | Villager (Male) |
| 5:07 | Create | Villager (Male) |
| 5:48 | Create | Villager (Male) |
| 6:03 | Build | House |
| 6:37 | Create | Villager (Male) |
| 6:38 | Create | Villager (Male) |
| 6:38 | Create | Villager (Male) |
| 6:38 | Create | Villager (Male) |
| 7:29 | Build | Dock |
| 7:41 | Create | Villager (Male) |
| 7:41 | Create | Villager (Male) |
| 7:42 | Create | Villager (Male) |
| 7:46 | Create | Villager (Male) |
| 7:47 | Create | Villager (Male) |
| 7:47 | Create | Villager (Male) |
| 8:20 | Build | House |
| 8:38 | Create | Fishing Ship |
| 8:38 | Create | Fishing Ship |
| 8:38 | Create | Fishing Ship |
| 8:38 | Create | Fishing Ship |
| 8:40 | Build | House |
| 9:14 | Create | Villager (Male) |
| 9:30 | Create | Fishing Ship |
| 9:53 | Create | Villager (Male) |
| 9:53 | Create | Villager (Male) |
| 10:20 | Create | Villager (Male) |
| 10:24 | Build | House |
| 10:33 | Create | Fishing Ship |
| 10:53 | Build | House |
| 10:56 | Create | Villager (Male) |
| 11:14 | Create | Fishing Ship |
| 11:15 | Create | Villager (Male) |
| 11:25 | Build | Mill |
| 11:31 | Build | House |
| 11:33 | Create | Villager (Male) |
| 11:53 | Build | Lumber Camp |
| 12:22 | Research | Loom |
| 12:24 | Create | Fishing Ship |
| 12:25 | Create | Fishing Ship |
| 12:50 | Research | Feudal Age |
| 12:51 | Research | Feudal Age |
| 12:54 | Build | Mining Camp |
| 13:35 | Create | Fishing Ship |
| 15:00 | Age | Feudal Age |
| 15:08 | Build | Market |
| 15:10 | Build | Blacksmith |
| 15:10 | Create | Villager (Male) |
| 15:12 | Create | Villager (Male) |
| 15:15 | Create | Fishing Ship |
| 15:16 | Research | Double-Bit Axe |
| 16:06 | Create | Villager (Male) |
| 16:13 | Create | Fishing Ship |
| 16:24 | Create | Villager (Male) |
| 17:24 | Research | Castle Age |
| 17:24 | Research | Castle Age |
| 17:25 | Research | Castle Age |
| 17:59 | Research | Horse Collar |
| 18:20 | Build | Barracks |
| 18:59 | Build | Mining Camp |
| 19:01 | Research | Stone Mining |
| 19:01 | Research | Stone Mining |
| 20:04 | Age | Castle Age |
| 20:07 | Build | Town Center |
| 20:33 | Create | Villager (Male) |
| 20:33 | Create | Villager (Male) |
| 20:33 | Create | Villager (Male) |
| 20:33 | Create | Villager (Male) |
| 20:36 | Research | Bow Saw |
| 20:36 | Research | Bow Saw |
| 21:09 | Create | Villager (Male) |
| 21:09 | Create | Villager (Male) |
| 21:09 | Create | Villager (Male) |
| 21:20 | Create | Villager (Male) |
| 21:24 | Build | Dock |
| 21:36 | Build | Town Center |
| 21:46 | Create | Villager (Male) |
| 22:15 | Build | Stable |
| 22:18 | Research | Scale Barding Armor |
| 22:19 | Research | Scale Barding Armor |
| 22:27 | Build | Lumber Camp |
| 22:38 | Create | Fishing Ship |
| 22:46 | Build | House |
| 22:51 | Build | House |
| 23:01 | Research | Bloodlines |
| 23:02 | Research | Bloodlines |
| 23:19 | Create | Villager (Male) |
| 23:31 | Build | House |
| 23:31 | Build | House |
| 23:36 | Create | Villager (Male) |
| 23:41 | Create | Villager (Male) |
| 23:41 | Create | Villager (Male) |
| 23:41 | Create | Villager (Male) |
| 24:08 | Build | Lumber Camp |
| 24:11 | Create | Villager (Male) |
| 24:12 | Create | Villager (Male) |
| 24:12 | Create | Villager (Male) |
| 24:17 | Build | Castle |
| 24:34 | Create | Villager (Male) |
| 24:39 | Create | Villager (Male) |
| 24:40 | Create | Villager (Male) |
| 24:45 | Build | House |
| 24:46 | Build | House |
| 24:47 | Create | Camel Scout |
| 24:47 | Create | Camel Scout |
| 24:48 | Create | Camel Scout |
| 24:48 | Create | Camel Scout |
| 24:48 | Create | Camel Scout |
| 25:08 | Create | Villager (Male) |
| 25:32 | Build | Palisade Gate |
| 25:33 | Build | House |
| 25:39 | Create | Camel Scout |
| 25:42 | Research | Forging |
| 25:42 | Research | Forging |
| 25:52 | Build | Town Center |
| 26:00 | Create | Camel Scout |
| 26:20 | Build | Mining Camp |
| 26:22 | Create | Villager (Male) |
| 26:23 | Create | Villager (Male) |
| 26:24 | Create | Villager (Male) |
| 26:45 | Build | Farm |
| 26:46 | Build | Farm |
| 26:47 | Build | Farm |
| 26:48 | Build | Farm |
| 26:50 | Build | Farm |
| 26:51 | Build | Farm |
| 26:52 | Create | Villager (Male) |
| 27:13 | Build | Farm |
| 27:15 | Create | Camel Scout |
| 27:17 | Create | Villager (Male) |
| 27:18 | Create | Villager (Male) |
| 27:27 | Build | Farm |
| 27:28 | Build | Farm |
| 27:37 | Build | Farm |
| 27:38 | Create | Villager (Male) |
| 27:42 | Build | Farm |
| 27:45 | Create | Camel Scout |
| 27:46 | Create | Camel Scout |
| 27:48 | Build | Farm |
| 27:51 | Create | Villager (Male) |
| 27:52 | Create | Villager (Male) |
| 28:04 | Create | Villager (Male) |
| 28:04 | Create | Villager (Male) |
| 28:05 | Create | Villager (Male) |
Match timeline
| 1:37 | SanjiJose · first_building Dock |
| 1:40 | Gárgaras Tibias · first_building Dock |
| 1:56 | flying ñonga · first_building Dock |
| 2:07 | castle.franz06 · wall_segment Palisade Wall x1 |
| 2:36 | Axia · first_building Dock |
| 2:50 | castle.franz06 · wall_segment Palisade Wall x1 |
| 2:52 | castle.franz06 · wall_segment Palisade Wall x1 |
| 2:54 | castle.franz06 · wall_segment Palisade Wall x1 |
| 2:56 | castle.franz06 · wall_segment Palisade Wall x1 |
| 3:38 | SanjiJose · wall_segment Palisade Wall x1 |
| 6:39 | xxARCON97xx · first_building Dock |
| 7:29 | carlos__federico · first_building Dock |
| 11:07 | xxARCON97xx · wall_segment Palisade Wall x2 |
| 11:31 | xxARCON97xx · wall_segment Palisade Wall x4 |
| 11:59 | castle.franz06 · wall_segment Palisade Wall x1 |
| 12:00 | castle.franz06 · wall_segment Palisade Wall x1 |
| 12:00 | castle.franz06 · wall_segment Palisade Wall x1 |
| 12:01 | castle.franz06 · wall_segment Palisade Wall x1 |
| 12:02 | castle.franz06 · wall_segment Palisade Wall x1 |
| 12:03 | castle.franz06 · wall_segment Palisade Wall x1 |
| 12:04 | castle.franz06 · wall_segment Palisade Wall x1 |
| 12:04 | castle.franz06 · wall_segment Palisade Wall x1 |
| 12:05 | castle.franz06 · wall_segment Palisade Wall x1 |
| 12:05 | castle.franz06 · wall_segment Palisade Wall x1 |
| 13:11 | xxARCON97xx · wall_segment Palisade Wall x1 |
| 14:00 | SanjiJose · first_building Barracks |
| 14:04 | xxARCON97xx · wall_segment Palisade Wall x5 |
| 14:17 | Gárgaras Tibias · age_up feudal |
| 14:47 | Axia · age_up feudal |
| 14:56 | xxARCON97xx · first_building Barracks |
| 15:00 | carlos__federico · age_up feudal |
| 15:01 | SanjiJose · age_up feudal |
| 15:30 | Gárgaras Tibias · wall_segment Palisade Wall x1 |
| 15:35 | Gárgaras Tibias · wall_segment Palisade Wall x1 |
| 15:39 | xxARCON97xx · wall_segment Palisade Wall x7 |
| 15:41 | Gárgaras Tibias · wall_segment Palisade Wall x1 |
| 15:45 | Igor Destructor · age_up feudal |
| 15:53 | Gárgaras Tibias · first_building Barracks |
| 16:06 | SanjiJose · first_building Archery Range |
| 16:18 | Igor Destructor · first_building Barracks |
| 16:27 | flying ñonga · age_up feudal |
| 17:13 | castle.franz06 · age_up feudal |
| 17:58 | Gárgaras Tibias · first_market_sell 100 food |
| 18:00 | flying ñonga · first_building Stable |
| 18:20 | carlos__federico · first_building Barracks |
| 18:40 | Gárgaras Tibias · wall_segment Palisade Wall x1 |
| 18:43 | Gárgaras Tibias · wall_segment Palisade Wall x1 |
| 18:44 | Gárgaras Tibias · wall_segment Stone Wall x1 |
| 18:50 | Gárgaras Tibias · wall_segment Palisade Wall x1 |
| 18:54 | Gárgaras Tibias · wall_segment Palisade Wall x1 |
| 19:27 | castle.franz06 · first_market_buy 100 food |
| 19:34 | castle.franz06 · first_market_sell 100 wood |
| 19:54 | Axia · first_building Stable |
| 19:58 | flying ñonga · age_up castle |
| 20:04 | carlos__federico · age_up castle |
| 20:10 | Axia · wall_segment Palisade Wall x1 |
| 20:24 | Gárgaras Tibias · wall_segment Stone Wall x9 |
| 20:27 | Axia · age_up castle |
| 20:35 | flying ñonga · first_building Castle |
| 20:46 | flying ñonga · wall_segment Palisade Wall x1 |
| 21:01 | Gárgaras Tibias · age_up castle |
| 21:10 | SanjiJose · age_up castle |
| 21:21 | Gárgaras Tibias · first_market_buy 100 stone |
| 21:34 | SanjiJose · wall_segment Stone Wall x2 |
| 21:36 | SanjiJose · wall_segment Stone Wall x5 |
| 21:42 | Gárgaras Tibias · first_building Castle |
| 21:50 | Gárgaras Tibias · wall_segment Palisade Wall x1 |
| 21:52 | Gárgaras Tibias · wall_segment Palisade Wall x1 |
| 21:55 | Gárgaras Tibias · wall_segment Palisade Wall x1 |
| 22:04 | Gárgaras Tibias · wall_segment Palisade Wall x1 |
| 22:14 | castle.franz06 · wall_segment Palisade Wall x1 |
| 22:15 | carlos__federico · first_building Stable |
| 22:16 | castle.franz06 · age_up castle |
| 22:23 | castle.franz06 · first_building Castle |
| 22:32 | castle.franz06 · wall_segment Stone Wall x1 |
| 22:58 | Igor Destructor · wall_segment Palisade Wall x3 |
| 23:03 | Igor Destructor · wall_segment Palisade Wall x1 |
| 23:30 | Igor Destructor · first_building Archery Range |
| 23:45 | SanjiJose · first_market_buy 100 wood |
| 23:46 | SanjiJose · first_market_sell 100 food |
| 23:52 | Igor Destructor · wall_segment Palisade Wall x1 |
| 24:17 | carlos__federico · first_building Castle |
| 24:31 | xxARCON97xx · first_building Castle |
| 24:32 | Igor Destructor · wall_segment Stone Wall x21 |
| 24:45 | Igor Destructor · wall_segment Stone Wall x10 |
| 25:08 | Gárgaras Tibias · wall_segment Palisade Wall x1 |
| 25:29 | xxARCON97xx · first_building Stable |
| 25:34 | flying ñonga · first_building Monastery |
| 25:41 | Gárgaras Tibias · wall_segment Stone Wall x9 |
| 26:26 | Igor Destructor · wall_segment Stone Wall x1 |
| 26:54 | Igor Destructor · age_up castle |
| 28:08 | flying ñonga · first_market_buy 100 stone |
| 28:48 | Igor Destructor · first_market_buy 100 stone |
| 28:57 | flying ñonga · first_building Siege Workshop |
| 29:03 | Gárgaras Tibias · first_building Stable |
| 29:06 | Igor Destructor · first_building Castle |
| 29:24 | SanjiJose · first_building Castle |
| 29:48 | castle.franz06 · first_building Siege Workshop |
| 32:03 | castle.franz06 · wall_segment Stone Wall x12 |
| 32:21 | Gárgaras Tibias · wall_segment Stone Wall x1 |
| 32:22 | Gárgaras Tibias · wall_segment Stone Wall x1 |
| 32:23 | Gárgaras Tibias · wall_segment Stone Wall x1 |
| 32:24 | Gárgaras Tibias · wall_segment Stone Wall x1 |
| 32:41 | castle.franz06 · wall_segment Stone Wall x1 |
| 34:08 | carlos__federico · first_building Archery Range |
| 34:14 | xxARCON97xx · wall_segment Palisade Wall x5 |
| 34:24 | xxARCON97xx · wall_segment Palisade Wall x7 |
| 34:35 | carlos__federico · age_up imperial |
| 34:55 | xxARCON97xx · wall_segment Palisade Wall x16 |
| 36:01 | carlos__federico · first_building Monastery |
| 36:16 | xxARCON97xx · wall_segment Stone Wall x1 |
| 36:29 | SanjiJose · age_up imperial |
| 36:42 | xxARCON97xx · wall_segment Stone Wall x6 |
| 36:43 | Igor Destructor · first_market_sell 100 wood |
| 36:46 | Axia · wall_segment Stone Wall x15 |
| 37:23 | xxARCON97xx · wall_segment Stone Wall x14 |
| 38:37 | Axia · wall_segment Stone Wall x3 |
| 38:42 | Axia · wall_segment Stone Wall x2 |
| 38:47 | Axia · wall_segment Stone Wall x4 |
| 38:47 | xxARCON97xx · first_building Siege Workshop |
| 39:19 | Axia · first_building Monastery |
| 40:00 | Igor Destructor · age_up imperial |
| 40:17 | flying ñonga · age_up imperial |
| 40:40 | Gárgaras Tibias · age_up imperial |
| 41:34 | castle.franz06 · wall_segment Stone Wall x5 |
| 41:37 | castle.franz06 · wall_segment Stone Wall x6 |
| 42:22 | xxARCON97xx · wall_segment Stone Wall x9 |
| 42:55 | Igor Destructor · wall_segment Stone Wall x16 |
| 43:03 | Igor Destructor · wall_segment Stone Wall x6 |
| 43:53 | xxARCON97xx · wall_segment Stone Wall x2 |
| 44:51 | castle.franz06 · wall_segment Stone Wall x1 |
| 46:14 | Igor Destructor · first_building Monastery |
| 46:51 | castle.franz06 · wall_segment Palisade Wall x1 |
| 46:52 | castle.franz06 · wall_segment Palisade Wall x1 |
| 47:36 | Axia · age_up imperial |
| 49:21 | castle.franz06 · resign |
| 50:49 | Axia · first_market_sell 500 food |
| 50:53 | Axia · first_market_buy 500 stone |
| 51:10 | Axia · first_building Castle |
[ AI ANALYSIS · 1 CREDIT ]
What really happened in this match?
Wolo.gg analyzes every decision: build order, eco, micro, common mistakes by bracket. Personalized analysis on WhatsApp or Discord in 30 seconds.
Civ guide
Aztecs
Map guide
Nomad
Perfil
Jugador #2584550